 Dungeon Crawl Stone Soup version 0.27.0-1-g7a089689b8 (webtiles) character file.

Game seed: 14132211301994240249

32 Malachi the Scratcher (level 3, -3/15 HPs)
             Began as a Felid Transmuter on Aug 17, 2021.
             Slain by an adder (5 damage)
             ... on level 3 of the Dungeon.
             The game lasted 00:01:47 (2446 turns).

Malachi the Scratcher (Felid Transmuter)            Turns: 2446, Time: 00:01:48

Health: -3/15      AC:  1    Str:  6    XL:     3   Next: 10%
Magic:  6/7        EV: 17    Int: 15    God:
Gold:   50         SH:  0    Dex: 16    Spells: 2/6 levels left
                                        Lives:  0   Deaths: 0

rFire    . . .     SeeInvis +     - Unarmed
rCold    . . .     Faith    .   (shield unavailable)
rNeg     . . .     Spirit   .   (armour unavailable)
rPois    .         Reflect  .   (helmet unavailable)
rElec    .         Harm     .   (cloak unavailable)
rCorr    .         Rampage  .   (gloves unavailable)
Will     .....                  (boots unavailable)
Stlth    +.........             (no amulet)
HPRegen  0.05/turn              (no ring)
MPRegen  0.10/turn              (no ring)

@: lethally poisoned (-3 -> -5), appendages, very slow
A: horns 2, very small, claws 1, fangs 3, see invisible, speed 1, shaggy fur 1,
stealthy paws, no weapons or thrown items, no armour, multi-lived
a: End Transformation


You were on level 3 of the Dungeon.
You had temporarily grown beastly horns.
You visited 1 branch of the dungeon, and saw 3 of its levels.

You collected 50 gold pieces.

Inventory:

Scrolls
 d - a scroll of teleportation
Potions
 a - a potion of flight {unknown}
 b - a potion of heal wounds {unknown}
 c - a potion of mutation {unknown}


   Skills:
 + Level 1.0 Fighting
 + Level 3.1 Dodging
 + Level 3.5 Unarmed Combat
 + Level 2.2 Spellcasting
 * Level 2.8 Transmutations
 * Level 0.1 Poison Magic


You had 2 spell levels left.
You knew the following spells:

 Your Spells              Type           Power      Damage    Failure   Level
a - Beastly Appendage     Tmut           20%        N/A       7%          1
b - Spider Form           Tmut/Pois      3%         N/A       34%         3

Your spell library contained the following spells:

 Spells                   Type           Power      Damage    Failure   Level
 Wereblood                Tmut           10%        N/A       11%         2
 Ice Form                 Ice/Tmut       5%         N/A       77%         4


Dungeon Overview and Level Annotations

Branches:
Dungeon (2/15)

Altars:
Fedhas


Innate Abilities, Weirdness & Mutations

You have temporarily grown beastly horns.
You have sharp claws.
You have razor-sharp teeth.
You have supernaturally acute eyesight. (SInv)
You cover ground quickly. (Speed+)
You are covered in fur. (AC +1)
Your paws help you pounce on unaware monsters.
You are incapable of wielding weapons or throwing items.
You cannot wear armour.
You gain extra lives every three experience levels.


Message History

You see here a bat corpse.
You see here a frilled lizard corpse.
You open the door.
There is an open door here.
There is an open door here.
Things that are here:
a +0 club; a +0 hunting sling; 21 stones You fall into a shaft and drop 1 floor!
The shaft crumbles and collapses.
You hear the sound of rushing water.
There is an entrance to a sewer on this level.
Hurry and find it before the portal rusts away!
As you read the scroll labelled IKITTU FOVEAB, it crumbles to dust.
You feel strangely unstable.
It was a scroll of teleportation.
As you read the scroll labelled SEMIEXA PUMAZ, it crumbles to dust.
You hear a loud clanging noise!
It was a scroll of noise.
You hear a shout! x2
Your surroundings suddenly seem different.
Splash!
You fall into the shallow water.
Moving in this stuff is going to be slow.
You hear a shout!
A worm comes into view.
A river rat comes into view.
An adder and a worm come into view.
The adder hisses angrily.
The adder barely misses you. The adder bites you.
You are poisoned.
The adder poisons you! The river rat completely misses you.
Casting: Beastly Appendage (safe; 7% risk of failure)
Confirm with . or Enter, or press ? or * to list all spells.
You grow a pair of large bovine horns.
You feel sick. The adder bites you. The adder closely misses you.
The river rat bites you.
You barely miss the adder.
You feel sick. The adder misses you.
You scratch the adder but do no damage. Your bite misses the adder.
You feel sick. The river rat bites you.
* * * LOW HITPOINT WARNING * * *
The adder bites you.
You die...

##### ## #≈≈≈# ≈
#≈#w#≈# ##
#w#≈#≈#≈≈≈≈
#.≈≈≈≈#≈≈≈r≈#
#..≈#≈#≈########
#..≈≈≈#≈w≈≈≈≈r@#
#.. #≈#######S##
#... ≈≈#≈≈w≈≈≈≈#
.... ≈≈#########
.... ###


You could see a worm, an adder and a river rat.

Vanquished Creatures
  A dart slug (D:1)
  2 ball pythons (D:1)
  4 bats
  2 giant cockroaches (D:2)
  2 goblins (D:2)
  5 hobgoblins
  3 jackals (D:2)
  2 kobolds (D:1)
  A quokka (D:2)
  3 frilled lizards (D:2)
  3 rats
28 creatures vanquished.

Notes
Turn   | Place    | Note
-------+----------+-------------------------------------------
     0 | D:1      | Malachi the Felid Transmuter began the quest for the Orb.
     0 | D:1      | Reached XP level 1. HP: 9/9 MP: 4/4
   187 | D:1      | Found a faded altar of an unknown god.
   563 | D:1      | Reached XP level 2. HP: 12/12 MP: 4/6
  1744 | D:2      | Found a blossoming altar of Fedhas.
  2071 | D:2      | Reached XP level 3. HP: 10/15 MP: 5/7
  2246 | D:2      | Learned a level 3 spell: Spider Form
  2423 | D:2      | You fall into a shaft and drop 1 floor!
  2446 | D:3      | Slain by an adder

Illustrated notes

Levels and vault maps discovered:
D:1:      beargit_arrival_diablo_church, layout_basic,
          shapermc_ecumenical_altar_mp_ritualfount
D:2:      layout_loops_corners, basic_altar
D:3:      layout_loops_corners, lemuel_doored_altar, lightli_sewer_entry_pipes,
          gammafunk_ghost_icy, grunt_ministairs_8, uniq_terence

Skill      XL: |  1  2 |
---------------+-------+-----
Dodging        | 3 |  3.1
Fighting       | |  1.0
Unarmed Combat | |  3.5
Spellcasting   | |  2.2
Transmutations | |  2.8
Poison Magic   | |  0.1

Action                   || total
-------------------------++-------
Melee: Unarmed           ||    80
       Headbutt          ||     8
       Punch             ||     3
       Bite              ||     6
 Cast: Beastly Appendage ||    22
  Use: Scroll            ||     2
 Stab: Sleeping          ||     2
Armor: Skin              ||     6
Dodge: Dodged            ||    80
